 Dungeon Crawl Stone Soup version 0.29-a0-1009-g60c99734e7 (webtiles) character file.

Game seed: 15586725791719239600

42 spaghetti the Trooper (level 3, 0/42 HPs)
             Began as an Ogre Chaos Knight on Aug 9, 2022.
             Was a Plaything of Xom.
             Frozen to death by an endoplasm (3 damage)
             ... on level 2 of the Dungeon.
             The game lasted 00:01:42 (1116 turns).

spaghetti the Trooper (Ogre Chaos Knight)           Turns: 1116, Time: 00:01:43

Health: 0/42       AC:  7    Str: 16    XL:     3   Next: 54%
Magic:  6/6        EV:  9    Int: 15    God:    Xom [..*...]
Gold:   67         SH:  0    Dex:  8    Spells: 6/6 levels left

rFire   . . .      SeeInvis .   a - +2 spear (chaos) {polearm}
rCold   . . .      Faith    .   (no shield)
rNeg    . . .      Spirit   .   b - +2 robe
rPois   .          Reflect  .   (helmet restricted)
rElec   .          Harm     .   (no cloak)
rCorr   .          Rampage  .   (gloves unavailable)
Will    .....      Clarity  +   (boots unavailable)
Stlth   +.........              (no amulet)
HPRegen 0.14/turn               (no ring)
MPRegen 0.10/turn               (no ring)

@: mighty
A: large, unfitting armour, tough skin 1, iridescent scales 1, clarity
a: Renounce Religion


You were on level 2 of the Dungeon.
You worshipped Xom.
You were a toy of Xom.
You visited 1 branch of the dungeon, and saw 2 of its levels.

You collected 67 gold pieces.


Innate Abilities, Weirdness & Mutations

You are too large for most types of armour.
You have tough skin. (AC +1)
You are partially covered in iridescent scales. (AC +2)
You possess an exceptional clarity of mind.


   Skills:
 + Level 5.1 Fighting
 - Level 3.0 Polearms
 - Level 2.1 Dodging
 + Level 2.2 Spellcasting


You had 6 spell levels left.
You didn't know any spells.
Your spell library was empty.

Inventory:

Hand Weapons
 a - a +2 spear of chaos (weapon) {polearm}
Missiles
 g - 16 stones {throwing}
Armour
 b - a +2 robe (worn)
Scrolls
 d - a scroll of fear {unknown}
 h - 2 scrolls of blinking {unknown}
Miscellaneous
 c - a piece from Xom's chessboard (12/15) (quivered)

Dungeon Overview and Level Annotations

Branches:
Dungeon (2/15) Zot: 10887

Altars:

#.♣..♣♣ .....#.
#.......
#......♣
#......♣♣
#.......♣♣
#........♣♣
##.#..$....♣♣
#....Sh.....#
...#.h@J....#..
......†.........
..#.#.P.(....$.#
.....♣.P......#
......♣P...#....
..#..P♣PP... ..#
...P. ♣..##. .#
...♣ PP.# ♣. #
P..# ..


You could see an adder, an endoplasm and 2 jackals.


Message History

The worm closely misses you. 😮 HP[-1]
You take 1 damage, and now have 31/42 hp.
You closely miss the jackal.
The jackal bites you but does no damage. x2
The jackal barely misses you. The jackal bites you. 😮 HP[-3]
You take 3 damage, and now have 28/42 hp.
You miss the jackal.
The jackal bites you but does no damage.
The jackal barely misses you. The worm bites you. 😮 HP[-2]
You take 2 damage, and now have 26/42 hp.
You barely miss the jackal. The jackal barely misses you.
The jackal bites you. 😮 HP[-1]
You take 1 damage, and now have 25/42 hp.
You hit the worm but do no damage. The jackal bites you.
The jackal bites you but does no damage.
The worm bites you.
The jackal bites you but does no damage.
The jackal bites you.
* * * LOW HITPOINT WARNING * * *
😨 HP[-4]
You take 4 damage, and now have 21/42 hp.
You hit the worm but do no damage.
The jackal bites you but does no damage.
The jackal barely misses you.
An endoplasm comes into view.
The worm closely misses you.
You hit the worm. You burn the worm. The jackal bites you.
* * * LOW HITPOINT WARNING * * *
The jackal bites you.
* * * LOW HITPOINT WARNING * * *
The jackal bites you.
* * * LOW HITPOINT WARNING * * *
😨 HP[-5]
You take 5 damage, and now have 16/42 hp.
You hit the worm. You burn the worm. The jackal barely misses you.
The jackal bites you but does no damage. x2
The worm closely misses you.
You hit the worm. The jackal bites you.
* * * LOW HITPOINT WARNING * * *
The jackal closely misses you. 😨 HP[-1]
You take 1 damage, and now have 15/42 hp.
As you read the scroll labelled BOR ANAKHE, it crumbles to dust.
It is a scroll of enchant weapon.
Your +0 spear of chaos {polearm} glows red for a moment.
The jackal completely misses you.
The jackal bites you but does no damage.
The worm barely misses you.
The endoplasm jiggles.
The jackal bites you but does no damage. x2
As you read the scroll of enchant weapon, it crumbles to dust.
Your +1 spear of chaos {polearm} glows red for a moment.
The jackal bites you.
* * * LOW HITPOINT WARNING * * *
The jackal closely misses you. The worm bites you.
* * * LOW HITPOINT WARNING * * *
😱 HP[-5]
You take 5 damage, and now have 10/42 hp.
Okay, then.
It was a potion of mutation.
You feel extremely strange.
Your thoughts seem clearer.
Iridescent scales grow over part of your body.
The jackal bites you but does no damage.
The jackal barely misses you.
The jackal bites you but does no damage.
It was a potion of cancellation.
You feel magically purged.
Xom roars with laughter!
The adder hisses angrily.
The jackal closely misses you.
The jackal bites you but does no damage. x2
The endoplasm closely misses you. The worm closely misses you.
It was a potion of might.
You feel very mighty all of a sudden.
The jackal bites you but does no damage.
The jackal barely misses you. The endoplasm freezes you.
You are frozen.
* * * LOW HITPOINT WARNING * * *
😱 HP[-4]
You take 4 damage, and now have 6/42 hp.
Unknown command.
You puncture the worm! You burn the worm.
You kill the worm!
The jackal barely misses you. x2
The endoplasm hits you but does no damage.
The jackal bites you.
* * * LOW HITPOINT WARNING * * *
The jackal bites you but does no damage. 😱 HP[-3]
You take 3 damage, and now have 3/42 hp.
You closely miss the jackal.
The jackal bites you but does no damage. x2
The endoplasm hits you but does no damage.
You barely miss the jackal. The jackal barely misses you. x2
The endoplasm freezes you.
You are frozen.
You die...

Skill      XL: |  1  2  3 |
---------------+----------+-----
Spellcasting   | 1 2 |  2.2
Fighting       | 5 |  5.1
Polearms       | |  3.0
Dodging        | |  2.1

Action                   || total
-------------------------++-------
Melee: Spear             ||   116
Evoke: Piece from Xom's  ||     3
  Use: Potion            ||     3
       Scroll            ||     2
Armor: Robe              ||    97
Dodge: Dodged            ||    61

Levels and vault maps discovered:
D:1:      minmay_arrival_open_corners, layout_loops_ring,
          nicolae_ecumenical_snake_handling
D:2:      layout_rooms, serial_forest, infiniplex_forest_corner_2,
          infiniplex_forest_clump_curved, infiniplex_forest_clump_curved,
          infiniplex_forest_straight_4, infiniplex_forest_lined_2,
          infiniplex_forest_straight_4, dreamdust_princess_bridge

Notes
Turn   | Place    | Note
-------+----------+-------------------------------------------
     0 | D:1      | spaghetti the Ogre Chaos Knight began the quest for the
                  | Orb.
     0 | D:1      | Reached XP level 1. HP: 24/24 MP: 1/1
     0 | D:1      | magus.rc [v1.9.6]
   152 | D:1      | Reached skill level 1 in Spellcasting
   152 | D:1      | Reached XP level 2. HP: 33/33 MP: 3/3
   655 | D:1      | Reached XP level 3. HP: 38/41 MP: 5/5
   664 | D:1      | Reached skill level 2 in Spellcasting
   669 | D:1      | Found a faded altar of an unknown god.
   753 | D:1      | XOM: silly message
   767 | D:1      | Reached skill level 5 in Fighting
  1025 | D:2      | Noticed an ogre
  1110 | D:2      | HP: 10/42 [worm (5)]
  1111 | D:2      | Gained mutation: You possess an exceptional clarity of
                  | mind. [potion of mutation]
  1111 | D:2      | Gained mutation: You are partially covered in iridescent
                  | scales. (AC +2) [potion of mutation]
  1114 | D:2      | HP: 3/42 [jackal (3)]
  1116 | D:2      | Frozen to death by an endoplasm

Vanquished Creatures
  A worm (D:2)
  A dart slug (D:1)
  5 ball pythons (D:1)
  3 bats (D:1)
  5 endoplasms (D:1)
  2 giant cockroaches (D:1)
  2 hobgoblins (D:1)
  A jackal (D:2)
  A frilled lizard (D:1)
  7 goblins (D:1)
  3 kobolds (D:1)
  2 rats (D:1)
33 creatures vanquished.

Vanquished Creatures (others)
  A plant (D:2)
1 creature vanquished.

Grand Total: 34 creatures vanquished

Table legend:
 A = Non-vault XP
 B = Vault XP
 C = Vault XP percentage of total XP
 D = Non-vault monster count
 E = Vault monster count
 F = Vault count percentage of total count
                 A         B        C        D         E       F
            +---------+---------+-------+---------+---------+-------
      Total |      55 |       5 |   8.3 |      30 |       3 |   9.1
            +---------+---------+-------+---------+---------+-------
        D:1 |      48 |       5 |   9.4 |      28 |       3 |   9.7
        D:2 |       7 |       0 |   0.0 |       2 |       0 |   0.0
            +---------+---------+-------+---------+---------+-------

Illustrated notes

Table legend:
 A = Kills in this place as a percentage of kills in entire the game.
 B = Kills by you in this place as a percentage of kills by you in the entire game.
 C = Kills by friends in this place as a percentage of kills by friends in the entire game.
 D = Other kills in this place as a percentage of other kills in the entire game.
 E = Experience gained in this place as a percentage of experience gained in the entire game.
 F = Experience gained in this place divided by the number of levels of this place that you have seen.
                   A       B       C       D       E      F
               +-------+-------+-------+-------+-------+----------------------
         Total | 100.0 | 100.0 |   N/A |   N/A | 100.0 |  30.0
       Dungeon | 100.0 | 100.0 |   N/A |   N/A | 100.0 |  30.0
               +-------+-------+-------+-------+-------+----------------------

Table legend: (Time is in decaauts)
 A = Elapsed time spent in this place.
 B = Non-inter-level travel time spent in this place.
 C = Inter-level travel time spent in this place.
 D = Time resting spent in this place.
 E = Time spent auto-exploring this place.
 F = Levels seen in this place.
 G = Mean time per level.
                   A        B        C        D        E       F      G
               +--------+--------+--------+--------+--------+-----+--------+
         Total |   1111 |   1026 |     85 |      0 |    813 |   2 |  555.5 |
       Dungeon |   1111 |   1026 |     85 |      0 |    813 |   2 |  555.5 |
               +--------+--------+--------+--------+--------+-----+--------+

Top non-repeatable levels by time:
     D:1: 1082 daAuts
     D:2: 28 daAuts
